 Dungeon Crawl Stone Soup version 0.27-a0-1188-g73eefd5def (webtiles) character file.

Game seed: 12250450686070556319

225184 Kagerou the Peltast (level 20, -1/149 HPs)
             Began as a Djinni Fire Elementalist on May 22, 2021.
             Was the Champion of Makhleb.
             Killed from afar by Roxanne (72 damage)
             ... with a crystal spear
             ... on level 3 of the Swamp.
             The game lasted 02:54:30 (42826 turns).

Kagerou the Peltast (Djinni Fire Elementalist)     Turns: 42826, Time: 02:54:36

Health: -1/149     AC: 16    Str:  5    XL:     20   Next: 9%
Gold:   1358       EV: 21    Int: 27    God:    Makhleb [******] SH: 17 Dex: 16

rFire    + + +     SeeInvis +   a - staff of fire
rCold    x x x     Faith    .   Z - +0 kite shield {reflect}
rNeg     + + +     Spirit   .   k - +3 salamander hide armour {Flames rF++ rC--}
rPois    ∞         Reflect  +   o - +1 helmet {Int+3}
rElec    +         Harm     .   K - +2 cloak
rCorr    +         Rampage  .   J - +0 pair of gloves
Will     ++...                  (boots unavailable)
Stlth    +++.......             v - amulet of the Louse {Reflect Contam rElec rCorr SH+5 SInv}
HPRegen  0.34/turn              p - +4 ring of protection
MPRegen  0.00/turn              I - ring of Mungange {rN+++ EV+4 Str-2 Slay-2 Stlth+}

@: flying, very slightly contaminated
A: sickness immunity, fire resistance 2, cold vulnerability 1, float, innate
caster, hp casting, extra vitality 1
}: 1/15 runes: serpentine
a: Renounce Religion, Minor Destruction, Lesser Servant of Makhleb, Major
Destruction, Greater Servant of Makhleb


You were on level 3 of the Swamp.
You worshipped Makhleb.
Makhleb was exalted by your worship.
You visited 6 branches of the dungeon, and saw 31 of its levels.
You visited 1 bazaar.
You also visited: Ice Cave.

You collected 3603 gold pieces.
You spent 2245 gold pieces at shops.

Inventory:

Hand Weapons
 b - a +2 demon trident of electrocution
 c - the +3 whip "Sacesepu" {holy, +Blink rPois Will++ Dex-3}
   (You found it on level 8 of the Dungeon)

   It has been blessed by the Shining One to cause great damage to the undead
   and demons.
   It affects your dexterity (-3).
   It protects you from poison.
   It lets you blink.
   It greatly increases your willpower.
 w - a +3 long sword of electrocution
 X - a +3 double sword of flaming
Missiles
 h - 842 stones (quivered)
 r - 7 curare-tipped darts
 U - 2 throwing nets
Armour
 k - the +3 salamander hide armour (worn) {Flames rF++ rC--}
   (You bought it in a shop on level 2 of the Dungeon)

   It surrounds you with a cloud of flames.
   It grants immunity to clouds of flame.
   It enhances your fire magic.
   It greatly protects you from fire.
   It makes you very vulnerable to cold.
 o - a +1 helmet of intelligence (worn)
 J - a +0 pair of gloves (worn)
 K - a +2 cloak (worn)
 P - a +2 robe of willpower
 Q - a +1 robe of cold resistance
 T - a +0 cloak of stealth
 Z - a +0 kite shield of reflection (worn)
Magical Staves
 a - a staff of fire (weapon)
Jewellery
 p - a +4 ring of protection (left hand)
 v - the amulet of the Louse (around neck) {Reflect Contam rElec rCorr SH+5 SInv}
   (You bought it in a shop on level 2 of the Orcish Mines)

   [amulet of reflection]

   It reflects blocked missile attacks.
   It insulates you from electricity.
   It lets you see invisible.
   It causes magical contamination when unequipped.
   It protects you from acid and corrosion.
   It affects your SH (+5).
 C - a ring of protection from cold
 I - the ring of Mungange (right hand) {rN+++ EV+4 Str-2 Slay-2 Stlth+}
   (You found it on level 5 of the Dungeon)

   [ring of evasion]

   It affects your evasion (+4).
   It affects your strength (-2).
   It affects your accuracy and damage with ranged weapons and melee attacks
   (-2).
   It renders you almost immune to negative energy.
   It makes you more stealthy.
 R - an amulet of regeneration
Wands
 l - a wand of charming (24)
 x - a wand of mindburst (25)
 G - a wand of acid (38)
 S - a wand of iceblast (20)
 W - a wand of paralysis (16)
Scrolls
 d - 6 scrolls of fog
 f - 2 scrolls of blinking
 m - 4 scrolls of enchant weapon
 q - 4 scrolls of enchant armour
 A - a scroll of holy word
 D - 2 scrolls of vulnerability
 E - 10 scrolls of magic mapping
 F - 8 scrolls of teleportation
 H - 14 scrolls of identify
 L - a scroll of torment
 M - a scroll of silence
Potions
 e - 3 potions of berserk rage
 i - a potion of resistance
 j - 5 potions of brilliance
 n - 7 potions of might
 t - a potion of cancellation
 u - 12 potions of lignification
 y - 15 potions of ambrosia
 z - 7 potions of curing
 N - 3 potions of invisibility
 O - 2 potions of haste
 V - 4 potions of heal wounds
 Y - 4 potions of mutation
Miscellaneous
 g - a condenser vane
 s - a phial of floods
 B - a lightning rod (4/4)


   Skills:
 - Level 15.0 Fighting
 - Level 10.5 Long Blades
 - Level 6.8(7.5) Axes
 - Level 4.8(6.5) Maces & Flails
 * Level 0.1(4.1) Polearms
 - Level 12.0 Dodging
 - Level 1.6 Stealth
 - Level 15.0 Shields
 - Level 12.0 Spellcasting
 - Level 12.0 Invocations
 - Level 6.8 Evocations


You couldn't memorise any spells.
You knew the following spells:

 Your Spells              Type           Power      Damage    Failure   Level
a - Foxfire               Conj/Fire      100%       2x1d9     1%          1
b - Sandblast             Erth           100%       2d20      1%          1
c - Conjure Flame         Conj/Fire      100%       6-21      1%          3
d - Monstrous Menagerie   Summ           34%        N/A       34%         7
f - Fireball              Conj/Fire      55%        3d21      1%          5
g - Agony                 Necr           69%        N/A       1%          5
i - Call Imp              Summ           69%        N/A       1%          2
r - Searing Ray           Conj           100%       3d7       1%          2
s - Sticky Flame          Conj/Fire      100%       2d11      1%          4
I - Inner Flame           Hex/Fire       100%       N/A       1%          3
L - Lee's Rapid Deconstr  Erth           34%        3d18*     1%          5
O - Olgreb's Toxic Radia  Pois           69%        N/A       1%          4
S - Starburst             Conj/Fire      55%        8x6d15    6%          6
Z - Shadow Creatures      Summ           N/A        N/A       6%          6
Your spell library was empty.

Dungeon Overview and Level Annotations

Branches:
Dungeon (15/15)            Temple (1/1) D:5            Lair (6/6) D:9
  Swamp (3/4) Lair:3        Snake (4/4) Lair:3        Slime (0/5) Lair:6
    Orc (2/2) D:10            Elf (0/3) Orc:2        Vaults (0/5) D:14
 Depths (0/5) D:15          IceCv (visited)

Altars:
Ashenzari
Cheibriados
Dithmenos
Elyvilon
Fedhas
Gozag
Hepliaklqana
Kikubaaqudgha
Makhleb
Nemelex Xobeh
Okawaru
Qazlal
Ru
Sif Muna
Trog
Uskayaw
Vehumet
Wu Jian
Xom
Yredelemnul
Zin
The Shining One
Beogh
Jiyva

Shops:
D:2 *:**   D:13 ?(   Orc:2 =([*   Snake:2 [*

Annotations:
D:14 2 transporters, Myfumirch's ghost, journeyman TrMo
Swamp:3 Roxanne


Innate Abilities, Weirdness & Mutations

You are immune to sickness and miasma.
You are immune to poison.
Your flesh is very heat resistant. (rF++)
You are vulnerable to cold. (rC-)
You float through the air rather than walking.
You learn spells naturally, not from books.
Your magical power is your life essence.
You have superior vitality. (+4 HP)


Message History

The swamp worm is engulfed in blazing flames.
You kill the swamp worm!
Makhleb accepts your kill.
You feel better.
Unknown command.
Casting: Lee's Rapid Deconstruction (mildly dangerous; 1% risk of failure)
Confirm with . or Enter, or press ? or * to list all spells.
Aiming: Lee's Rapid Deconstruction (mildly dangerous; 1% risk of failure)
Press: ? - help, Dir - move target, f/p - Roxanne Fragment what (e.g. wall or brittle monster)?: Roxanne (moderately damaged) Roxanne shatters!!!
Roxanne is heavily damaged.
Roxanne prays for a Stone to Flesh spell.
Unknown command.
Casting: Lee's Rapid Deconstruction (mildly dangerous; 1% risk of failure)
Confirm with . or Enter, or press ? or * to list all spells.
Aiming: Lee's Rapid Deconstruction (mildly dangerous; 1% risk of failure)
Press: ? - help, Dir - move target, f/p - Roxanne Fragment what (e.g. wall or brittle monster)?: Roxanne (heavily damaged) Roxanne shatters!!
Roxanne is severely damaged.
Roxanne casts a spell.
You blink.
A swamp worm comes into view.
Casting: Lee's Rapid Deconstruction (mildly dangerous; 1% risk of failure)
Confirm with . or Enter, or press ? or * to list all spells.
Okay, then.
Roxanne casts a spell.
The iron shot hits you!!!
Found a scroll of identify.
Casting: Lee's Rapid Deconstruction (mildly dangerous; 1% risk of failure)
Confirm with . or Enter, or press ? or * to list all spells.
Aiming: Lee's Rapid Deconstruction (mildly dangerous; 1% risk of failure)
Press: ? - help, Dir - move target, f/p - Roxanne Fragment what (e.g. wall or brittle monster)?: Roxanne (severely damaged) Roxanne shatters!!!
Roxanne is almost destroyed.
Roxanne casts a spell.
The crystal spear hits you!!!!
You die...

♣♣≈.≈≈≈ ♣♣♣♣
≈≈..≈...♣≈..♣♣♣♣
...≈≈≈....≈≈..≈♣♣♣ ♣♣♣♣
...≈≈≈...≈≈≈§§≈≈.§ ♣≈.≈
...≈§≈≈....≈≈≈≈≈.♣ ♣...
.§≈≈≈≈...8.≈≈.≈..♣♣♣♣♣.♣
...≈≈......§≈≈....≈.♣.≈.
......§○○≈...§≈≈≈≈§.≈...
.§≈♣.☼@§≈♣♣§§≈≈≈≈≈≈[♣♣.
≈≈≈≈..°☼°..♣.§≈§≈§≈≈≈...
≈≈.≈w≈≈...♣♣♣♣...≈§≈.≈..
≈.≈≈≈≈≈.♣♣♣ ♣≈...≈.....≈
..≈≈≈≈≈≈? $.≈≈≈..§.♣.≈≈
§.≈≈≈§≈≈≈ ≈≈.....≈§≈...≈
♣.≈≈≈≈≈≈≈≈≈.....≈≈≈≈≈≈§♣
♣.≈≈≈≈≈≈≈≈§≈≈≈≈≈≈≈≈≈≈≈♣♣
≈§≈≈≈§≈≈≈§≈§≈≈≈.


You could see Roxanne and a swamp worm.

Vanquished Creatures
  Saint Roka (Snake:4)
  Asterion (Snake:4)
  Frances (D:14)
  A thorn hunter (Swamp:3)
  Kirke (Lair:4)
  Agnes (Snake:1)
  Donald (Swamp:3)
  5 nagarajas (Snake:4)
  A frost giant (D:15)
  Aizul (Snake:3)
  An orc warlord (Orc:2)
  A ghoul (Swamp:2)
  A white draconian (IceCv)
  Azrael (D:14)
  A bunyip (Swamp:3)
  2 eleionomae (Swamp:2)
  The ghost of Glokmah the Genius of the Arcane, a journeyman VSIE of Sif Muna (Lair:1)
  Fannar (Lair:1)
  Josephine (D:10)
  An ettin (Orc:1)
  4 boulder beetles
  13 hydras
  An ice dragon (Lair:6)
  2 salamander tyrants (Snake:4)
  22 naga warriors
  Harold (Lair:2)
  4 vault guards (D:14)
  2 catoblepae
  11 anacondas
  4 two-headed ogres
  4 centaur warriors
  2 ghost crabs
  The ghost of Gurchaud the Destroyer, a journeyman DrCj of Vehumet (Lair:1)
  4 alligators
  3 death yaks
  4 tengu warriors (D:15)
  Urug (D:10)
  5 shock serpents
  An orc high priest (Orc:2)
  18 naga sharpshooters
  3 spriggans (Swamp:2)
  7 skeletal warriors (D:14)
  4 salamander mystics
  2 goliath frogs (Swamp:1)
  3 spriggan druids
  8 bog bodies (Swamp:2)
  7 naga ritualists
  3 deep elf pyromancers
  3 lindwurms (Lair:6)
  9 mana vipers
  3 orc sorcerers (Orc:2)
  2 oklob plants (Lair:3)
  9 orc knights
  5 manticores
  2 will-o-the-wisps
  3 cyclopes
  16 salamanders
  Joseph (D:10)
  27 black mambas
  14 elephants
  2 guardian serpents (Snake:4)
  An ice statue (IceCv)
  21 naga magi
  An unseen horror (D:12)
  5 torpor snails (Lair:6)
  12 cane toads
  2 gargoyles
  2 efreet (D:14)
  2 rime drakes
  2 kobold demonologists (D:7)
  10 komodo dragons
  A tengu conjurer (D:15)
  A freezing wraith (D:14)
  27 polar bears
  12 trolls
  2 queen bees (Lair:3)
  7 tyrant leeches
  A bloated husk (Swamp:1)
  A polar bear (shapeshifter) (D:11)
  2 raiju (Lair:6)
  12 hornets
  8 dream sheep
  10 blink frogs
  14 slime creatures
  Sigmund (D:3)
  5 wraiths
  4 wyverns
  3 fire elementals (D:14)
  95 yaks
  A golden eye (shapeshifter) (D:14)
  9 basilisks
  Grum (D:11)
  7 hogs (Lair:4)
  2 steam dragons
  12 wargs
  3 vampire mosquitoes
  40 nagas
  13 swamp worms
  An acid dragon (D:12)
  8 water moccasins
  A floating eye (shapeshifter) (D:14)
  14 hell hounds
  A sky beast (D:8)
  2 swamp drakes
  42 orc warriors
  9 ice beasts
  17 black bears
  5 ogres
  4 necrophages (Swamp:2)
  52 wolves
  10 centaurs
  A phantom (D:4)
  19 bullfrogs
  2 scorpions
  A wyvern skeleton (D:5)
  A water moccasin zombie (D:6)
  55 killer bees
  11 wights
  13 crimson imps
  3 hounds
  A bullfrog zombie (D:7)
  A centaur skeleton (D:7)
  4 centaur zombies
  4 jellies
  20 orc priests
  Crazy Yiuf (D:3)
  A bullfrog skeleton (D:6)
  3 iguanas
  An iron imp (D:7)
  Terence (D:3)
  22 orc wizards
  7 hell rats (Lair:6)
  A hound zombie (D:5)
  A howler monkey zombie (D:7)
  Robin (D:2)
  8 adders
  3 gnolls (D:8)
  A river rat (Lair:1)
  3 shadow imps
  A white imp (D:7)
  4 worms
  A dart slug (D:3)
  72 orcs
  8 ball pythons
  10 endoplasms
  5 giant cockroaches
  12 goblins
  17 hobgoblins
  4 jackals (D:1)
  8 kobolds
  8 quokkas
  5 bats
  2 frilled lizards
  3 rats
  3 bushes
  2 butterflies (Lair:6)
1138 creatures vanquished.

Vanquished Creatures (collateral kills)
  Erolcha (D:12)
  A salamander mystic (Snake:3)
  A fire crab (shapeshifter) (D:15)
  An ugly thing (D:12)
  2 yaks (Lair:5)
  3 vampire mosquitoes (D:12)
  A naga (Snake:4)
  A black bear (D:5)
  A necrophage (D:6)
  2 ogres (D:5)
  A bullfrog (D:9)
  A wight (D:7)
  3 foxfires (Lair:1)
19 creatures vanquished.

Vanquished Creatures (others)
  A manticore (D:14)
  A naga mage (Snake:4)
  A human (D:3)
  654 foxfires
  120 fungi
  214 plants
991 creatures vanquished.

Grand Total: 2148 creatures vanquished

Notes
Turn   | Place    | Note
-------+----------+-------------------------------------------
     0 | D:1      | Kagerou the Djinni Fire Elementalist began the quest for
                  | the Orb.
     0 | D:1      | Reached XP level 1. HP: 15/15 MP: 0/0
   140 | D:1      | Reached skill level 1 in Fighting
   195 | D:1      | Reached XP level 2. HP: 12/22 MP: 0/0
   931 | D:1      | Reached skill level 2 in Fighting
  1082 | D:1      | Reached XP level 3. HP: 25/28 MP: 0/0
  1082 | D:1      | Learned a level 1 spell: Sandblast
  1355 | D:1      | Found a faded altar of an unknown god.
  2043 | D:2      | Reached skill level 3 in Fighting
  2059 | D:2      | Found Honoem's Book Boutique.
  2108 | D:2      | Found Wink's General Store.
  2114 | D:2      | Bought a scroll of identify for 22 gold pieces
  2114 | D:2      | Bought a scroll of identify for 22 gold pieces
  2272 | D:2      | Reached XP level 4. HP: 20/35 MP: 0/0
  3030 | D:2      | Noticed Robin
  3085 | D:2      | Killed Robin
  3106 | D:2      | Reached skill level 4 in Fighting
  3298 | D:2      | Found Quso's Assorted Antiques.
  3314 | D:2      | Reached XP level 5. HP: 38/41 MP: 0/0
  3314 | D:2      | Learned a level 2 spell: Call Imp
  3580 | D:2      | Found Kagell's General Store.
  3818 | D:3      | You are sucked into a shaft and drop 3 floors!
  3876 | D:6      | Noticed an ice beast
  3883 | D:6      | Killed an ice beast
  3884 | D:6      | Reached skill level 3 in Dodging
  3884 | D:6      | Reached XP level 6. HP: 45/49 MP: 0/0
  3961 | D:6      | Reached skill level 5 in Fighting
  4241 | D:5      | Entered Level 5 of the Dungeon
  4241 | D:5      | Noticed a black bear
  4241 | D:5      | Noticed an ogre
  4326 | D:7      | Noticed a steam dragon
  4458 | D:6      | Noticed a necrophage
  4474 | D:6      | Killed a necrophage
  4647 | D:6      | Reached XP level 7. HP: 24/55 MP: 0/0
  4647 | D:6      | Learned a level 2 spell: Searing Ray
  4865 | D:6      | Reached skill level 6 in Fighting
  4865 | D:6      | Reached skill level 4 in Dodging
  5294 | D:3      | Noticed Sigmund
  5430 | D:2      | Bought a potion of curing for 36 gold pieces
  5502 | D:2      | Bought a scroll labelled NUF TEDOIFUOWE for 24 gold pieces
  5502 | D:2      | Bought a cyan potion for 21 gold pieces
  5502 | D:2      | Bought a glowing amethyst potion for 21 gold pieces
  5632 | D:3      | Found a runed translucent door.
  5633 | D:3      | Noticed Crazy Yiuf
  5754 | D:3      | Noticed Terence
  5793 | D:3      | Killed Terence
  5988 | D:3      | Killed Sigmund
  6100 | D:3      | Found a shimmering altar of Xom.
  6128 | D:3      | Reached skill level 7 in Fighting
  6128 | D:3      | Reached XP level 8. HP: 61/64 MP: 0/0
  6428 | D:3      | Reached skill level 5 in Dodging
  6463 | D:3      | Noticed a human
  6464 | D:3      | Killed a human
  6751 | D:4      | Reached skill level 1 in Maces & Flails
  7467 | D:4      | Reached skill level 2 in Maces & Flails
  7917 | D:5      | Reached skill level 8 in Fighting
  8148 | D:5      | Reached skill level 3 in Maces & Flails
  8212 | D:5      | Found a staircase to the Ecumenical Temple.
  8230 | Temple   | Entered the Ecumenical Temple
  8476 | Temple   | Became a worshipper of Makhleb the Destroyer
  8578 | D:5      | Reached XP level 9. HP: 48/71 MP: 0/0
  8578 | D:5      | Learned a level 4 spell: Olgreb's Toxic Radiance
  8763 | D:5      | Identified the ring of Mungange {rN+++ EV+4 Str-2 Slay-2
                  | Stlth+}
  8797 | D:5      | Reached skill level 4 in Maces & Flails
  9074 | D:5      | Reached skill level 9 in Fighting
 10841 | D:7      | Reached skill level 3 in Spellcasting
 11031 | D:7      | Found a snail-covered altar of Cheibriados.
 11497 | D:7      | Found a transporter.
 11502 | D:7      | Noticed a kobold demonologist
 11504 | D:7      | Noticed a kobold demonologist
 11516 | D:7      | Found a transporter.
 12321 | D:8      | Reached skill level 10 in Fighting
 12321 | D:8      | Reached skill level 6 in Spellcasting
 12321 | D:8      | Reached skill level 6 in Evocations
 12321 | D:8      | Reached XP level 10. HP: 81/81 MP: 0/0
 12529 | D:8      | Reached XP level 11. HP: 58/86 MP: 0/0
 12529 | D:8      | Learned a level 5 spell: Lee's Rapid Deconstruction
 12799 | D:8      | Identified the +3 whip "Sacesepu" {holy, +Blink rPois
                  | Will++ Dex-3}
 12806 | D:8      | Reached * piety under Makhleb
 12881 | D:8      | Reached skill level 7 in Spellcasting
 12889 | D:8      | Found a hide-covered altar of Uskayaw.
 13116 | D:8      | Found a shadowy altar of Dithmenos.
 13116 | D:8      | Found a sparkling altar of Nemelex Xobeh.
 13124 | D:8      | Found a faded altar of an unknown god.
 13126 | D:8      | Found a basalt altar of Yredelemnul.
 13128 | D:8      | Found a faded altar of an unknown god.
 13575 | D:9      | Noticed a two-headed ogre
 13877 | D:9      | Reached skill level 1 in Invocations
 14526 | D:9      | Noticed an elephant
 14548 | D:9      | Killed an elephant
 14577 | D:9      | Killed a two-headed ogre
 14578 | D:9      | Reached skill level 2 in Invocations
 14760 | D:9      | Found a staircase to the Lair.
 14973 | D:9      | Found a blossoming altar of Fedhas.
 15311 | D:10     | Entered Level 10 of the Dungeon
 15342 | D:10     | Noticed Urug
 15373 | D:10     | Killed Urug
 15374 | D:10     | Reached skill level 8 in Spellcasting
 15374 | D:10     | Reached skill level 3 in Invocations
 15587 | D:10     | Found a staircase to the Orcish Mines.
 15744 | D:10     | Found a sacrificial altar of Ru.
 15755 | D:10     | Noticed Josephine
 16094 | D:10     | Reached ** piety under Makhleb
 16504 | D:10     | Noticed Joseph
 16517 | D:10     | Killed Joseph
 16875 | Lair:1   | Entered Level 1 of the Lair of Beasts
 16989 | Lair:1   | Reached skill level 4 in Invocations
 17172 | Lair:1   | Noticed an eight-headed hydra
 17209 | Lair:1   | Killed an eight-headed hydra
 17210 | Lair:1   | Reached skill level 9 in Spellcasting
 17210 | Lair:1   | Reached XP level 12. HP: 81/93 MP: 0/0
 17615 | Lair:1   | Noticed a five-headed hydra
 17618 | Lair:1   | Killed a five-headed hydra
 17619 | Lair:1   | Reached skill level 10 in Spellcasting
 17752 | Lair:1   | Noticed an eight-headed hydra
 17774 | Lair:1   | Killed an eight-headed hydra
 17775 | Lair:1   | Reached skill level 11 in Fighting
 18112 | Lair:1   | Noticed Fannar
 18298 | D:2      | Bought the +3 salamander hide armour {Flames rF++ rC--} for
                  | 379 gold pieces
 18298 | D:2      | Found the +3 salamander hide armour {Flames rF++ rC--}
 18372 | D:2      | Bought a scroll of identify for 48 gold pieces
 18372 | D:2      | Bought 3 scrolls labelled ZIJAUS EQYNUF for 72 gold pieces
 18665 | Lair:2   | Noticed Harold
 18680 | Lair:2   | Killed Harold
 18681 | Lair:2   | Reached skill level 6 in Dodging
 19565 | Lair:3   | Found a frozen archway.
 19576 | Lair:3   | Reached *** piety under Makhleb
 19577 | Lair:3   | Reached XP level 13. HP: 100/100 MP: 0/0
 19577 | Lair:3   | Learned a level 5 spell: Agony
 19588 | Lair:3   | Reached skill level 12 in Fighting
 19590 | Lair:3   | Noticed an eight-headed hydra
 19597 | Lair:3   | Killed an eight-headed hydra
 19715 | IceCv    | Entered an ice cave
 19960 | IceCv    | Reached skill level 7 in Dodging
 19960 | IceCv    | Reached skill level 11 in Spellcasting
 20406 | IceCv    | Reached **** piety under Makhleb
 20506 | IceCv    | Noticed a white draconian
 20632 | IceCv    | Killed a white draconian
 20633 | IceCv    | Reached skill level 8 in Dodging
 20997 | Lair:3   | Found a staircase to the Snake Pit.
 21043 | Lair:3   | Reached XP level 14. HP: 104/108 MP: 0/0
 21191 | Lair:3   | Reached skill level 12 in Spellcasting
 21218 | Lair:3   | Reached skill level 13 in Fighting
 21218 | Lair:3   | Reached skill level 1 in Shields
 21323 | Lair:3   | Reached skill level 2 in Shields
 21529 | Lair:3   | Reached ***** piety under Makhleb
 21550 | Lair:3   | Reached skill level 3 in Shields
 21578 | Lair:3   | Reached skill level 4 in Shields
 21670 | Lair:3   | Reached skill level 5 in Shields
 21894 | Lair:3   | Found a staircase to the Swamp.
 22179 | Lair:4   | Reached skill level 6 in Shields
 22267 | Lair:4   | Reached skill level 5 in Invocations
 22366 | Lair:4   | Noticed Kirke
 22375 | Lair:4   | Killed Kirke
 22376 | Lair:4   | Reached skill level 7 in Shields
 22879 | Lair:5   | Reached skill level 6 in Invocations
 22960 | Lair:5   | Reached XP level 15. HP: 115/115 MP: 0/0
 22960 | Lair:5   | Learned a level 6 spell: Starburst
 23002 | Lair:5   | Reached ****** piety under Makhleb
 23179 | Lair:5   | Reached skill level 8 in Shields
 23225 | Lair:5   | Reached skill level 7 in Invocations
 23592 | Lair:6   | Entered Level 6 of the Lair of Beasts
 23709 | Lair:6   | Reached skill level 9 in Shields
 23724 | Lair:6   | Found a viscous altar of Jiyva.
 23724 | Lair:6   | Found a staircase to the Slime Pits.
 23793 | Lair:6   | Reached skill level 8 in Invocations
 24392 | Lair:6   | Reached skill level 9 in Invocations
 24395 | Lair:6   | Reached skill level 10 in Shields
 24768 | Lair:6   | Found a runed translucent door.
 24864 | Lair:6   | Reached XP level 16. HP: 118/121 MP: 0/0
 24869 | Lair:6   | Reached skill level 10 in Invocations
 25250 | Lair:1   | Found a runed translucent gate.
 25250 | Lair:1   | Found a runed translucent gate.
 25250 | Lair:1   | Found a runed translucent gate.
 25255 | Lair:1   | Noticed Glokmah's ghost (journeyman VSIE)
 25255 | Lair:1   | Noticed Gurchaud's ghost (journeyman DrCj)
 25271 | Lair:1   | Killed Gurchaud's ghost
 25272 | Lair:1   | Killed Glokmah's ghost
 25273 | Lair:1   | Reached skill level 11 in Shields
 25627 | Lair:1   | Killed Fannar
 26419 | D:10     | Killed Josephine
 26530 | D:11     | Noticed Grum
 26534 | D:11     | Killed Grum
 27274 | D:12     | Noticed Erolcha
 27297 | D:12     | Killed Erolcha
 27417 | D:12     | Reached skill level 12 in Shields
 28151 | Orc:1    | Entered Level 1 of the Orcish Mines
 28462 | Orc:1    | Reached skill level 11 in Invocations
 28665 | Orc:2    | Entered Level 2 of the Orcish Mines
 28737 | Orc:2    | Found a flickering gateway to a bazaar.
 28752 | Orc:2    | Found a staircase to the Elven Halls.
 28755 | Bazaar   | Entered a bazaar
 28764 | Bazaar   | Found Moetruorch's Antique Weapon Emporium.
 28777 | Bazaar   | Found Boyci's Antique Weapon Shoppe.
 28794 | Bazaar   | Found Gunes's Antique Armour Shoppe.
 28805 | Bazaar   | Found Was Meinusa's Antique Armour Emporium.
 28829 | Bazaar   | Bought a glowing hat for 105 gold pieces
 28829 | Bazaar   | Bought a faintly humming robe for 85 gold pieces
 28829 | Bazaar   | Identified the +1 robe of the Mackerel {Dex+7} (You bought
                  | it in a shop in a bazaar)
 28852 | Bazaar   | Bought a runed cloak for 187 gold pieces
 28852 | Bazaar   | Bought a runed helmet for 187 gold pieces
 28983 | Orc:2    | Reached skill level 13 in Shields
 29009 | Orc:2    | Found Plog's Jewellery Emporium.
 29100 | Orc:2    | Found Vuqeg's Antique Weapon Shop.
 29172 | Orc:2    | Found Ilany's Antique Armour Shop.
 29443 | Orc:2    | Found Zujumaj's General Store.
 29529 | Orc:2    | Bought the amulet of the Louse {Reflect Contam rElec rCorr
                  | SH+5 SInv} for 819 gold pieces
 29786 | D:13     | Found Ynoqig's Antique Weapon Shop.
 29852 | D:13     | Found Pofinuc's Magic Scroll Shop.
 29866 | D:13     | Bought a scroll of blinking for 105 gold pieces
 29866 | D:13     | Bought 2 scrolls of identify for 56 gold pieces
 29866 | D:13     | Bought a scroll of identify for 28 gold pieces
 29866 | D:13     | Bought a scroll of identify for 28 gold pieces
 30161 | D:13     | Reached XP level 17. HP: 127/127 MP: 0/0
 30161 | D:13     | Learned a level 6 spell: Shadow Creatures
 30679 | D:14     | Noticed Azrael
 30683 | D:14     | Killed Azrael
 30687 | D:14     | Reached skill level 14 in Shields
 30694 | D:14     | Reached skill level 12 in Invocations
 30858 | D:14     | Found a gate to the Vaults.
 31000 | D:14     | Noticed Frances
 31005 | D:14     | Killed Frances
 31197 | D:14     | Found a transporter.
 31201 | D:14     | Noticed Myfumirch's ghost (journeyman TrMo)
 31675 | D:14     | Found a transporter.
 31765 | D:15     | Entered Level 15 of the Dungeon
 32178 | D:15     | Reached skill level 15 in Shields
 32733 | D:15     | Found a staircase to the Depths.
 33110 | D:7      | Reached skill level 9 in Dodging
 33346 | D:3      | Killed Crazy Yiuf
 33792 | Snake:1  | Entered Level 1 of the Snake Pit
 33794 | Snake:1  | Noticed Agnes
 33799 | Snake:1  | Killed Agnes
 34388 | Snake:1  | Reached skill level 10 in Dodging
 34758 | Snake:1  | Reached skill level 14 in Fighting
 35152 | Snake:2  | Reached XP level 18. HP: 117/135 MP: 0/0
 35616 | Snake:2  | Found Vug Kibb's Armour Emporium.
 35617 | Snake:2  | Found Qihupne's Assorted Antiques.
 35828 | Snake:2  | Reached skill level 11 in Dodging
 36640 | Snake:3  | Found an iron altar of Okawaru.
 36778 | Snake:3  | Reached skill level 12 in Dodging
 37021 | Snake:3  | Noticed Aizul
 37026 | Snake:3  | Killed Aizul
 37199 | Snake:3  | Reached skill level 15 in Fighting
 37344 | Snake:4  | Entered Level 4 of the Snake Pit
 37355 | Snake:4  | Reached skill level 1 in Long Blades
 37372 | Snake:4  | Reached skill level 1 in Axes
 37381 | Snake:4  | Reached skill level 2 in Long Blades
 37677 | Snake:4  | Reached skill level 3 in Long Blades
 37681 | Snake:4  | Reached skill level 2 in Axes
 37828 | Snake:4  | Reached skill level 4 in Long Blades
 38116 | Snake:4  | Noticed Asterion
 38134 | Snake:4  | Killed Asterion
 38140 | Snake:4  | Reached skill level 3 in Axes
 38149 | Snake:4  | Reached skill level 5 in Long Blades
 38325 | Snake:4  | Reached XP level 19. HP: 121/143 MP: 0/0
 38325 | Snake:4  | Learned a level 7 spell: Monstrous Menagerie
 38349 | Snake:4  | Reached skill level 6 in Long Blades
 38599 | Snake:4  | Reached skill level 4 in Axes
 38806 | Snake:4  | Reached skill level 7 in Long Blades
 39519 | Snake:4  | Reached skill level 5 in Axes
 39649 | Snake:4  | Reached skill level 8 in Long Blades
 40074 | Snake:4  | Got a serpentine rune of Zot
 40083 | Snake:4  | Noticed Saint Roka
 40105 | Snake:4  | Killed Saint Roka
 40106 | Snake:4  | Reached skill level 9 in Long Blades
 40795 | Swamp:1  | Entered Level 1 of the Swamp
 41452 | Swamp:2  | Reached skill level 6 in Axes
 41764 | Swamp:2  | Reached skill level 10 in Long Blades
 42210 | Swamp:3  | Reached XP level 20. HP: 128/149 MP: 0/0
 42522 | Swamp:3  | Noticed Donald
 42531 | Swamp:3  | Killed Donald
 42819 | Swamp:3  | Noticed Roxanne
 42826 | Swamp:3  | Killed from afar by Roxanne

Illustrated notes

Levels and vault maps discovered:
D:1:      minmay_arrival_radiant_lines, layout_loops_ring,
          shapermc_ecumenical_altar_venn
D:2:      layout_loops_ring, serial_shops, nicolae_shop_crystal,
          nicolae_shop_waterfront, shop, shop, wad_orctagon, uniq_robin
D:3:      layout_loops_ring, tgw_kikubaaqudgha, led_xom_imps,
          serial_bayou_pond_e, uniq_terence, uniq_crazy_yiuf_cottage,
          uniq_sigmund
D:4:      layout_loops_ring
D:5:      layout_cave_pods, temple_pool_b
D:6:      layout_cave_pods
D:7:      gammafunk_wand_slinger, layout_layer_cave, slow_altar_2
D:8:      layout_loops_ring, chequers_temple_overflow_minitemple,
          eat_drink_and_be_merry_uskayaw
D:9:      layout_irregular_city, kennysheep_mini_moat, david_lair_generic
D:10:     layout_gridville, lemuel_doored_altar, orc_0_dummy, uniq_joseph,
          uniq_josephine, uniq_urug
D:11:     layout_gridville, uniq_grum
D:12:     layout_stronghold, uniq_erolcha
D:13:     layout_roguey, special_room [special_room_orc],
          serial_co_window_serial, co_window_corner_a, co_window_paths_a,
          co_window_paths_a, co_window_paths_a, co_window_paths_b,
          co_window_broadway_c, co_window_corner_b, co_window_broadway_a,
          co_window_unsneaky_path_e, glass_columns_b, glass_columns_c,
          serial_shops, shop_fountains, shop
D:14:     layout_roguey, lightli_vaults_fourway_checkpoint,
          gammafunk_ghost_berserking_beasts, minivault_21, hex_tiny,
          minmay_nine_imps, uniq_azrael, uniq_frances
D:15:     grunt_enter_depths_snipers, layout_loops_corners
Temple:   oiseaux_autumnal_temple
Lair:1:   layout_loops_ring, gammafunk_ghost_cemetery, pond,
          infiniplex_staircase_pool_2, uniq_fannar
Lair:2:   layout_chaotic_city, grunt_megastairs_2, uniq_harold
Lair:3:   regret_index_harrowing_hell_hive, layout_gridlike,
          minmay_swamp_entry_worms, dummy_snake_entry, special_room
          [special_room_bee], portal_ice_cave_entry_ice_beasts,
          grunt_megastairs_5
Lair:4:   layout_roguey, grunt_megastairs_4, uniq_kirke
Lair:5:   layout_roguey
Lair:6:   hangedman_lair_caniforms_friends, layout_cave_pods, wormcave,
          dpeg_slime_entry_enclosed_altar, nicolae_lair_yak_garden,
          serial_bayou_shore_b, lemuel_fruit_fields
Swamp:1:  layout_basic_swamp, serial_swamp_ruin, evilmike_swamp_ruin_house_1,
          evilmike_swamp_ruin_house_4, infiniplex_staircase_pool
Swamp:2:  layout_basic_swamp, nicolae_swamp_little_tower, swamp_pool4,
          hangedman_swamp_ravenous
Swamp:3:  layout_basic_swamp, evilmike_swamp_ruin_rubble_2,
          nicolae_swamp_small_spring, uniq_roxanne, uniq_donald
Snake:1:  nicolae_snake_nest, layout_layer_cave, serial_bayou_shore_b,
          uniq_agnes
Snake:2:  layout_misc_corridors, minmay_shoptagon
Snake:3:  layout_grid_shapes, basic_altar, uniq_aizul
Snake:4:  snake_pit, layout_onion, uniq_saint_roka, uniq_asterion
Orc:1:    layout_caves, nicolae_orc_stony_grotto
Orc:2:    grunt_orc_gardens, layout_caves, grunt_orc_garden, grunt_orc_garden,
          grunt_orc_garden, grunt_orc_garden, serial_shops, bzr_entry_dummy

Skill      XL: |  1  2  3  4  5  6  7  8  9 10 11 12 13 14 15 16 17 18 19 |
---------------+----------------------------------------------------------+-----
Fighting       | 1 2 3 4 5 7 8 10 11 12 13 14 15 | 15.0
Dodging        | 3 4 5 6 8 10 12 | 12.0
Maces & Flails | 3 4 |  4.8
Spellcasting   | 6 9 10 11 12 | 12.0
Evocations     | 6 |  6.8
Invocations    | 4 6 9 11 12 | 12.0
Shields        | 7 10 13 15 | 15.0
Long Blades    | 5 10 | 10.5
Axes           | 3 6 |  6.8
Polearms       | |  0.1
Stealth        | |  1.6

Action                   |  1- 3 |  4- 6 |  7- 9 | 10-12 | 13-15 | 16-18 | 19-21 || total
-------------------------+-------+-------+-------+-------+-------+-------+-------++-------
Melee: Short sword       |    24 |       |       |       |       |       |       ||    24
       Unarmed           |     1 |       |       |       |       |       |       ||     1
       Mace              |       |    19 |    27 |       |       |       |       ||    46
       Flail             |       |       |    69 |       |       |       |       ||    69
       Dire flail        |       |       |    13 |       |       |       |       ||    13
       War axe           |       |       |       |    25 |       |       |       ||    25
       Staff             |       |       |       |     5 |    88 |   113 |    23 ||   229
       Double sword      |       |       |       |       |       |    31 |       ||    31
       Long sword        |       |       |       |       |       |       |    24 ||    24
 Fire: Hunting sling     |    22 |     9 |       |       |       |       |       ||    31
Throw: Stone             |       |       |     2 |       |     2 |     1 |       ||     5
 Cast: Foxfire           |    61 |    68 |   175 |    86 |       |       |       ||   390
       Sandblast         |       |    15 |    12 |     2 |       |    11 |       ||    40
       Conjure Flame     |       |     5 |    22 |     5 |       |       |       ||    32
       Call Imp          |       |     2 |    19 |     9 |       |       |       ||    30
       Searing Ray       |       |       |    33 |    21 |     7 |     5 |       ||    66
       Lee's Rapid Decon |       |       |       |    47 |    19 |    52 |    40 ||   158
       Olgreb's Toxic Ra |       |       |       |    20 |    26 |     9 |     1 ||    56
       Fireball          |       |       |       |    14 |   224 |   293 |   122 ||   653
       Sticky Flame      |       |       |       |     4 |     3 |     5 |       ||    12
       Starburst         |       |       |       |       |     6 |    62 |    36 ||   104
       Shadow Creatures  |       |       |       |       |       |     4 |       ||     4
       Monstrous Menager |       |       |       |       |       |       |     1 ||     1
Invok: Lesser Servant of |       |       |       |       |     1 |     4 |       ||     5
Evoke: Wand              |       |       |     2 |     4 |       |       |       ||     6
  Use: Scroll            |     4 |     2 |    14 |     6 |     1 |     7 |       ||    34
       Potion            |       |       |     3 |     2 |       |     2 |       ||     7
 Stab: Sleeping          |       |       |     3 |       |       |       |     1 ||     4
       Distracted        |       |       |       |       |     2 |       |       ||     2
Armor: Robe              |    13 |     4 |    26 |    18 |       |       |       ||    61
       Leather armour    |       |       |     1 |     2 |    35 |    38 |    16 ||    92
       Skin              |       |       |       |    11 |       |       |       ||    11
Dodge: Dodged            |    55 |    25 |   103 |    69 |    98 |   138 |    40 ||   528
Block: Other             |       |       |    38 |    26 |       |       |       ||    64
       Reflection        |       |       |       |     6 |       |    50 |    24 ||    80
       Kite shield       |       |       |       |       |    61 |   247 |    78 ||   386
       Rpst.: Double sword |       |       |       |       |       |     5 |       ||     5

Table legend: (Time is in decaauts)
 A = Elapsed time spent in this place.
 B = Non-inter-level travel time spent in this place.
 C = Inter-level travel time spent in this place.
 D = Time resting spent in this place.
 E = Time spent auto-exploring this place.
 F = Levels seen in this place.
 G = Mean time per level.
                   A        B        C        D        E       F      G
               +--------+--------+--------+--------+--------+-----+--------+
         Total |  42984 |  39699 |   3285 |  11802 |  19947 |  33 | 1302.5 |
       Dungeon |  22953 |  20549 |   2404 |   6639 |   9530 |  15 | 1530.2 |
        Temple |    283 |    223 |     60 |      0 |    222 |   1 |  283.0 |
          Lair |   8104 |   7589 |    515 |   1035 |   4950 |   6 | 1350.7 |
         Swamp |   2030 |   1974 |     56 |    599 |   1097 |   3 |  676.7 |
     Snake Pit |   6915 |   6770 |    145 |   2993 |   2691 |   4 | 1728.8 |
  Orcish Mines |   1326 |   1223 |    103 |      0 |    908 |   2 |  663.0 |
        Bazaar |    122 |    122 |      0 |      0 |     63 |   1 |  122.0 |
      Ice Cave |   1247 |   1247 |      0 |    536 |    486 |   1 | 1247.0 |
               +--------+--------+--------+--------+--------+-----+--------+

Top non-repeatable levels by time:
  Lair:1: 2689 daAuts
 Snake:4: 2472 daAuts
     D:6: 2448 daAuts
 Snake:3: 2052 daAuts
     D:2: 2004 daAuts
     D:1: 1968 daAuts
     D:9: 1941 daAuts
     D:3: 1829 daAuts
     D:7: 1800 daAuts
     D:8: 1720 daAuts
    D:10: 1550 daAuts
  Lair:3: 1472 daAuts
  Lair:6: 1451 daAuts
     D:5: 1355 daAuts
 Snake:1: 1336 daAuts
